 Dungeon Crawl Stone Soup version 0.29.1-13-g9f3cf754e1 (webtiles) character file.

Game seed: 724444122095681141

30 Secretman33 the Covered (level 3, -1/29 HPs)
             Began as a Human Fighter on Feb 1, 2023.
             Succumbed to an adder's poison
             ... on level 2 of the Dungeon.
             The game lasted 00:22:13 (676 turns).

Secretman33 the Covered (Human Fighter)              Turns: 676, Time: 00:22:13

Health: -1/29      AC:  6    Str: 18    XL:     3   Next: 35%
Magic:  3/3        EV:  9    Int:  8    God:
Gold:   69         SH:  4    Dex: 12    Spells: 2/2 levels left

rFire   . . .      SeeInvis .   a - +0 long sword
rCold   . . .      Faith    .   c - +0 buckler
rNeg    . . .      Spirit   .   b - +0 scale mail
rPois   .          Reflect  .   (no helmet)
rElec   .          Harm     .   (no cloak)
rCorr   .          Rampage  .   (no gloves)
Will    .....                   (no boots)
Stlth   ..........              (no amulet)
HPRegen 0.09/turn               (no ring)
MPRegen 0.08/turn               (no ring)

@: lethally poisoned (-1 -> -8)
A: no striking features
a: no special abilities


You were on level 2 of the Dungeon.
You visited 1 branch of the dungeon, and saw 2 of its levels.

You collected 69 gold pieces.

Inventory:

Hand Weapons
 a - a +0 long sword (weapon)
 e - a +0 club
 m - a +0 sling
 o - a +0 dagger
 p - a +0 dagger
 q - a +0 club
Missiles
 g - 9 stones (quivered)
Armour
 b - a +0 scale mail (worn)
 c - a +0 buckler (worn)
 d - a +0 ring mail
 j - a +0 robe
Scrolls
 h - a scroll of butterflies {unknown}
 k - a scroll of identify {unknown}
 l - a scroll of silence {unknown}
Potions
 f - 2 potions of flight {unknown}
 i - a potion of heal wounds {unknown}
 n - a potion of lignification {unknown}


   Skills:
 + Level 3.2 Fighting
 + Level 2.5 Long Blades
 + Level 3.4 Armour
 + Level 3.2 Shields


You had 2 spell levels left.
You didn't know any spells.
Your spell library contained the following spells:

 Spells                   Type           Power      Damage    Failure   Level
 Slow                     Hex            0%         N/A       87%         1
 Confusing Touch          Hex            0%         N/A       99%         3
 Vampiric Draining        Necr           0%         2d6       99%         3
 Fireball                 Conj/Fire      0%         3d3       100%        5
 Starburst                Conj/Fire      0%         6d3       100%        6
 Ignition                 Fire           0%         3d3       100%        8


Dungeon Overview and Level Annotations

Branches:
Dungeon (2/15)

Altars:

Shops:
D:1 *


Message History

The frilled lizard bites you but does no damage.
The adder bites you.
You are poisoned.
The adder poisons you! The frilled lizard closely misses you.
The adder bites you but does no damage.
You slash the frilled lizard!
You kill the frilled lizard!
You feel sick. The adder bites you.
You miss the adder.
You feel sick. The adder completely misses you.
The adder bites you but does no damage.
You miss the adder.
You feel sick. The adder bites you.
* * * LOW HITPOINT WARNING * * *
You block the adder's attack.
You slash the adder!
The adder is almost dead.
You feel sick. The adder barely misses you.
You closely miss the adder.
The adder is almost dead.
You feel sick.
You are no longer poisoned.
The adder bites you but does no damage. The adder barely misses you.
You barely miss the adder.
The adder is almost dead.
The adder bites you but does no damage. You block the adder's attack.
You miss the adder.
The adder is almost dead.
The adder bites you but does no damage. You block the adder's attack.
You hit the adder.
The adder is almost dead.
The adder bites you.
* * * LOW HITPOINT WARNING * * *
You barely miss the adder.
The adder is almost dead.
The adder bites you.
* * * LOW HITPOINT WARNING * * *
You are lethally poisoned!
The adder poisons you! The adder misses you.
You hit the adder but do no damage.
The adder is almost dead.
You die...

.. ..... ###.....#
#.......# ##.#.....
##......## # ##
##........#..
#...#######.@..........
#....<....†S.........
#........†...........
..............†........
....................).(
...........#........#..
.###.###.##............
#.. #..#...........#
#... ##.............#


You could see an adder.

Vanquished Creatures
  3 dart slugs
  3 ball pythons
  2 bats
  2 endoplasms
  3 giant cockroaches (D:1)
  3 goblins
  A hobgoblin (D:1)
  4 frilled lizards
  2 rats
23 creatures vanquished.

Notes
Turn   | Place    | Note
-------+----------+-------------------------------------------
     0 | D:1      | Secretman33 the Human Fighter began the quest for the Orb.
     0 | D:1      | Reached XP level 1. HP: 18/18 MP: 1/1
    77 | D:1      | Reached XP level 2. HP: 15/24 MP: 2/2
   292 | D:1      | Found Meffooxu's General Store.
   560 | D:1      | Reached XP level 3. HP: 21/29 MP: 3/3
   676 | D:2      | Succumbed to an adder's poison

Illustrated notes

Levels and vault maps discovered:
D:1:      minmay_arrival_arboretum_small, layout_loops_ring, serial_shops,
          shop_fountains
D:2:      layout_rooms, ebering_ecumenical_altar_ruins, minmay_misc_feat_room,
          uniq_natasha

Action                   || total
-------------------------++-------
Melee: Long sword        ||    80
  Use: Potion            ||     1
Armor: Scale mail        ||    41
Dodge: Dodged            ||    32
Block: Buckler           ||    13
